 Dungeon Crawl Stone Soup version 0.19-a0-1049-g462a813 (webtiles) character file.

828 Deeps the Cleaver (level 8, -4/59 HPs)
             Began as a Formicid Fighter on July 31, 2016.
             Slain by Duvessa
             ... wielding a +0 short sword
              (6 damage)
             ... on level 4 of the Dungeon.
             The game lasted 00:08:07 (2387 turns).

Deeps the Cleaver (Formicid Fighter)                Turns: 2387, Time: 00:08:08

Health: -4/59      AC: 13    Str: 22    XL:     8   Next: 18%
Magic:  8/8        EV:  7    Int:  9    God:
Gold:   246        SH:  9    Dex: 10    Spells: 0 memorised, 7 levels left

rFire  . . .     SeeInvis +     a - +0 war axe
rCold  + . .     Gourm    .     i - +1 plate armour
rNeg   . . .     Faith    .     c - +0 shield
rPois  .         Spirit   .     (helmet unavailable)
rElec  .         Dismiss  .     (no cloak)
rCorr  .         Reflect  .     (no gloves)
SustAt .         Harm     .     (no boots)
MR     .....                    (no amulet)
Stlth  ..........               n - +3 ring of evasion
                                q - ring of protection from cold

@: lethally poisoned (-4 -> -7), not resistant to hostile enchantments,
extremely unstealthy
A: permanent stasis, dig shafts and tunnels, four strong arms, antennae 3,
rugged brown scales 1, mutation resistance 1
a: Dig, Shaft Self


You were on level 4 of the Dungeon.
You were not hungry.

You visited 1 branch of the dungeon, and saw 4 of its levels.

You collected 246 gold pieces.

Inventory:

Hand Weapons
 a - a +0 war axe (weapon)
Armour
 b - a +0 scale mail
 c - a +0 shield (worn)
 i - a +1 plate armour (worn)
Jewellery
 e - an uncursed ring of resist corrosion
 n - a +3 ring of evasion (right hand)
 q - a ring of protection from cold (left hand)
 v - a +5 ring of intelligence {unknown}
Wands
 d - a wand of digging (14/24)
Scrolls
 g - 4 scrolls of immolation
 h - 2 scrolls of teleportation
 j - a scroll of amnesia
 k - 2 scrolls of fear
 l - 2 scrolls of magic mapping
 r - a scroll of identify {unknown}
Potions
 m - a potion of degeneration
 o - 2 potions of agility
 p - 2 potions of curing
 t - a potion of cure mutation
Comestibles
 f - 5 bread rations
 s - 3 fruits
 u - a beef jerky


   Skills:
 - Level 3.3 Fighting
 + Level 8.5 Axes
 - Level 3.3 Armour
 + Level 2.5 Stealth
 - Level 3.8 Shields


You had 7 spell levels left.
You didn't know any spells.

Dungeon Overview and Level Annotations

Branches:
Dungeon (4/15)
 Temple: D:4-7

Altars:
Cheibriados
Dithmenos
Fedhas
Sif Muna
Uskayaw

Annotations:
D:4 Duvessa


Innate Abilities, Weirdness & Mutations

You are under a permanent stasis effect.
You can dig through walls and to a lower floor.
Your four strong arms can wield two-handed weapons with a shield.
You have a pair of large antennae on your head. (SInv)
You are partially covered in rugged brown scales. (AC +1, +3% HP)
You are somewhat resistant to further mutation.


Message History

You feel sick. You block Duvessa's attack.
Unknown command.
Your plate armour prevents you from hitting Duvessa.
Duvessa is heavily wounded.
You feel sick. Duvessa hits you but does no damage. You block Duvessa's attack.
You slash Duvessa!
Duvessa is almost dead.
Duvessa hits you with a short sword.
* * * LOW HITPOINT WARNING * * *
Duvessa hits you with a short sword.
* * * LOW HITPOINT WARNING * * *
You hit Duvessa but do no damage.
Duvessa is almost dead.
You feel sick. You block Duvessa's attack. Duvessa hits you with a short sword.
* * * LOW HITPOINT WARNING * * *
You barely miss Duvessa.
Duvessa is almost dead.
* * * LOW HITPOINT WARNING * * *
You feel sick. You block Duvessa's attack. Duvessa hits you with a short sword.
You die...

#.............................
#.............#######.......#.
#...†.........................
#..........#..................
###........#..................
#........#................#.
####........#................#.
#...........#................#.
#......####...@.......##.......
#.............e................
###............................
#...........###.........#####
#...........# *........,*
#...........# *.......,,*
#...........# *,.....,,,*
*,..........# *,.....,,,*
*,,,,,,,,,,,* ***********


You could see Duvessa (berserk).

Vanquished Creatures
  Grinder (D:4)
  Eustachio (D:4)
  The ghost of buddhastalin the Changer, an amateur MfTm (D:3)
  An ice beast (D:4)
  Dowan (D:4)
  An orc priest (D:4)
  Jessica (D:3)
  2 iguanas (D:4)
  A worker ant (D:4)
  3 adders
  An ooze (D:3)
  2 dart slugs
  3 orcs (D:4)
  2 ball pythons
  7 bats
  2 giant cockroaches (D:1)
  7 goblins
  10 hobgoblins
  6 jackals
  A giant newt (D:1)
  6 kobolds
  9 rats
69 creatures vanquished.

Notes
Turn   | Place    | Note
-------+----------+-------------------------------------------
     0 | D:1      | Deeps the Formicid Fighter began the quest for the Orb.
     0 | D:1      | Reached XP level 1. HP: 18/18 MP: 1/1
   168 | D:1      | Reached XP level 2. HP: 24/24 MP: 2/2
   256 | D:1      | Reached skill level 3 in Axes
   256 | D:1      | Reached XP level 3. HP: 23/29 MP: 3/3
   565 | D:2      | Found a snail-covered altar of Cheibriados.
   747 | D:2      | Reached XP level 4. HP: 35/35 MP: 4/4
   771 | D:2      | Found a shadowy altar of Dithmenos.
   795 | D:2      | Found a deep blue altar of Sif Muna.
   937 | D:2      | Reached skill level 4 in Axes
  1050 | D:3      | Found a blossoming altar of Fedhas.
  1083 | D:3      | Gained mutation: You are partially covered in rugged brown scales. (AC +1, +3% HP) [potion of mutation]
  1083 | D:3      | Gained mutation: You are somewhat resistant to further mutation. [potion of mutation]
  1291 | D:3      | Noticed buddhastalin's ghost (amateur MfTm)
  1304 | D:3      | Killed buddhastalin's ghost
  1304 | D:3      | Reached skill level 5 in Axes
  1304 | D:3      | Reached skill level 1 in Stealth
  1304 | D:3      | Reached XP level 5. HP: 31/42 MP: 5/5
  1304 | D:3      | Reached XP level 6. HP: 36/48 MP: 6/6
  1388 | D:3      | Noticed Jessica
  1393 | D:3      | Killed Jessica
  1762 | D:4      | Noticed Eustachio
  1815 | D:4      | Killed Eustachio
  1815 | D:4      | Reached skill level 6 in Axes
  1815 | D:4      | Reached XP level 7. HP: 45/53 MP: 7/7
  1872 | D:4      | Found a hide-covered altar of Uskayaw.
  1941 | D:4      | Noticed Grinder
  1975 | D:4      | Reached skill level 7 in Axes
  1998 | D:4      | Killed Grinder
  2067 | D:4      | Reached skill level 8 in Axes
  2124 | D:4      | Reached XP level 8. HP: 28/59 MP: 8/8
  2359 | D:4      | Noticed Dowan
  2362 | D:4      | Noticed Duvessa
  2372 | D:4      | Killed Dowan
  2387 | D:4      | HP: 2/59 [poisoned by Dowan]
  2387 | D:4      | Slain by Duvessa

Vault maps used:
D:1:      lemuel_arrival_tunnels
D:2:      lemuel_round_altar, nicolae_dithmenos_shadow_blocks,
          cheibriados_altar_1
D:3:      fedhas_altar_2, first_bread, uniq_jessica
D:4:      eat_drink_and_be_merry_uskayaw, uniq_grinder, uniq_eustachio,
          uniq_duvessa

Skill      XL: |  1  2  3  4  5  6  7 |
---------------+----------------------+-----
Axes           | 3 5 6 8 |  8.5
Stealth        | 1 2 |  2.5
Fighting       | |  3.3
Armour         | |  3.3
Shields        | |  3.8

Action                   |  1- 3 |  4- 6 |  7- 9 || total
-------------------------+-------+-------+-------++-------
Melee: War axe           |    97 |   145 |    68 ||   310
  Use: Potion            |       |    12 |       ||    12
       Scroll            |       |     7 |     1 ||     8
  Eat: Chunk             |       |     3 |     2 ||     5
Armor: Scale mail        |     6 |       |       ||     6
       Plate armour      |    63 |   116 |    29 ||   208
Dodge: Dodged            |    23 |    60 |    10 ||    93
Block: Shield            |    60 |   120 |    31 ||   211
